[Event "7th Porticcio Open 2022"]
[Site "Porticcio"]
[Date "2022.07.03"]
[Round "2.4"]
[White "Maurizzi, Marc Andria"]
[Black "Zhukenov, Aituar"]
[Result "1-0"]
[ECO "B10"]
[WhiteElo "2506"]
[BlackElo "2148"]
[Annotator "TA"]
[PlyCount "135"]
[EventDate "2022.07.02"]
[EventType "swiss"]
[EventCountry "FRA"]
[SourceTitle "playchess.com"]
[Source "ChessBase"]
[SourceQuality "1"]
[TimeControl "5400+30"]

1. e4 c6 2. Nf3 d5 3. d3 Nd7 4. Nc3 Ngf6 {[%emt 0:02:40] [#]} 5. exd5 $146 ({Predecessor:} 5. e5 Ng8 6. e6 fxe6 7. d4 e5 8. dxe5 e6 9. Bd3 Nc5 10. Ng5 Nxd3+ 11. Qxd3 {0-1 (48) Sychev,K (2572)-Seo,J (2455) Chess.com INT 2020}) 5... cxd5 6. d4 {[%emt 0:00:02] Prevents e5. B10: Caro-Kann: 2 d3 and 2 c4.} e6 7. Bd3 Bd6 8. O-O {[%emt 0:01:46] The position is equal.} a6 9. Re1 Qc7 10. Ne2 O-O 11. Ng3 e5 12. dxe5 Nxe5 13. Bg5 Nxf3+ 14. gxf3 Be5 15. c3 h6 $1 16. Be3 Bd7 17. Qd2 Rfe8 18. Kh1 Qc6 19. Be2 Ng4 20. Bd4 $11 (20. fxg4 d4+ 21. Kg1 dxe3 22. Qxe3 Qc7 $15) 20... Nf6 21. Rg1 Bxd4 22. Qxd4 Qd6 {[%emt 0:01:22] [#]} (22... Re7 $11) 23. Bd3 (23. Ne4 $1 $16 Rxe4 24. fxe4) 23... Qe5 24. Qh4 Kh8 25. Ne2 Bf5 (25... Ng8 $11) 26. Bxf5 $2 (26. Rg5 $1 $14 Ne4 27. Bxe4 (27. fxe4 Bxe4+ 28. Rg2 Bxd3 $15) 27... dxe4 28. Qh5 exf3 29. Nd4) 26... Qxe2 $17 (26... Qxf5 27. Nd4 Qd7 28. Rg3 $14 (28. Qg3 Nh5 $11)) 27. Qg3 g6 28. Qh3 Kg7 {[%emt 0:00:45] ...Re5 is the strong threat.} (28... Qxf2 $6 29. Qxh6+ Nh7 30. Raf1 Qxb2 31. Rxg6 fxg6 32. Bxg6 $11) 29. Rg2 (29. Qg3 $17 Nh5 30. Qg4) 29... Qd2 $1 $19 (29... Qxb2 30. Rag1 $14) 30. Rag1 {[%emt 0:00:45][%cal Rf5g6] Hoping for Bxg6!} Re1 (30... Qxb2 31. Bxg6 $1 Qxc3 32. Bh5+ Kf8 33. Qf5 $18) 31. Qg3 Nh5 32. Qc7 {[%emt 0:00:28][%cal Rg2g6] [#]} Nf4 (32... g5 $1 $19 {aiming for ...Rae8.} 33. h4 (33. Qxb7 $2 Rae8 $19) 33... Rae8) 33. Rxe1 $11 {[%emt 0:00:53] Really sharp!} Qxe1+ 34. Rg1 Qd2 35. Qe5+ $40 {[%emt 0:00:13][%mdl 128] White is up to no good.} Kg8 (35... Kh7 $5 ) 36. h4 h5 (36... Ne2 $5 37. Rxg6+ fxg6 38. Qe6+ Kg7 39. Qxg6+ Kf8 40. Qf6+ Kg8 41. Qg6+ Kf8 42. Qf6+ Kg8 43. Qg6+ Kf8 $11) 37. Qe3 Qxe3 38. fxe3 $14 {[%emt 0:00:01][%mdl 4096] Endgame KRB-KRN} Ne2 (38... Kf8 $14) 39. Rg2 $16 {[%emt 0:00:00] Strongly threatening Bb1.} Re8 40. Bxg6 $1 $18 ({Much weaker is} 40. Rxe2 gxf5 41. Kg2 Kg7 $11) 40... fxg6 41. Rxe2 {[%emt 0:00:01] KR-KR} Kf7 42. Kg2 Kf6 (42... Re6 $142 43. Kf2 Kf6) 43. f4 b5 44. Kf3 {[%emt 0:00:07] Black must now prevent Rd2.} Rb8 (44... Rc8 $142 45. Rd2 Rc5) 45. Rd2 Ke6 46. Rg2 Kf6 47. Rg5 b4 $2 (47... Rd8 48. Ke2 a5) 48. Rxd5 bxc3 49. bxc3 Rc8 $2 (49... Rb1 50. c4 Kf7 51. Rd7+ Ke6) 50. Rd6+ Kf7 51. Rxa6 Rxc3 52. a4 Ra3 53. a5 {[%emt 0:00:05] Threatens to win with Ra8.} Kg7 54. Ke4 Ra1 55. f5 $2 (55. Ra8 Kf6 56. a6) 55... Ra4+ 56. Ke5 {[%emt 0:01:18] White threatens Ra7+ and mate.} gxf5 57. Kxf5 Rxh4 58. e4 Rh1 $2 (58... Rh2 59. Kg5 Rg2+ 60. Kxh5 Re2) 59. e5 Re1 60. Ra7+ Kf8 61. a6 Ra1 62. Kf6 Rf1+ 63. Ke6 Ra1 64. Kf6 Rf1+ 65. Kg5 {[%emt 0:00:09] White mates.} Ra1 66. Kxh5 Ra5 67. Kg6 Rxe5 68. Kf6 {[%emt 0:00:03] Quite a comeback for White.  Weighted Error Value: White=0.31/Black=0.47} 1-0

[Event "7th Porticcio Open 2022"]
[Site "Porticcio"]
[Date "2022.07.03"]
[Round "2.5"]
[White "Praveen Kumar C"]
[Black "Yankelevich, Lev"]
[Result "1/2-1/2"]
[ECO "E46"]
[WhiteElo "2143"]
[BlackElo "2496"]
[Annotator "TA"]
[PlyCount "112"]
[EventDate "2022.07.02"]
[EventType "swiss"]
[EventCountry "FRA"]
[SourceTitle "playchess.com"]
[Source "ChessBase"]
[SourceQuality "1"]
[TimeControl "5400+30"]

1. d4 Nf6 2. c4 e6 3. Nc3 Bb4 4. e3 O-O 5. Nge2 Re8 6. a3 Bf8 7. g3 d5 {[%emt 0:00:06] Against e4. E46: Nimzo-Indian: Rubinstein: 4 e3 0-0 5 Ne2 without early Bd3.} 8. cxd5 exd5 9. Bg2 c6 10. O-O {[%emt 0:00:18] [#]} h6 $146 ({Predecessor:} 10... a5 11. b3 Na6 12. Kh1 h5 13. f3 c5 14. dxc5 Nxc5 15. Nd4 Ra6 16. Rb1 g6 {½-½ (54) Nenezic,M (2532)-Eljanov,P (2672) Chess.com INT 2021}) 11. f3 c5 12. Nf4 cxd4 13. exd4 Nc6 14. Qd3 {[%emt 0:08:03] Against Bf5} b6 15. Nfe2 a5 16. Be3 Ba6 17. Qd2 a4 {[%emt 0:09:56] Hoping for ...Na5.} 18. Bf2 Na5 19. Rad1 (19. Qc2 $15) 19... Nc4 20. Qc2 Ne3 (20... Qc8 $17 {[%cal Oc4a3] Threatens to win with ...Nxa3!} 21. Qc1 Nxa3 $1) 21. Bxe3 $15 Rxe3 22. Rfe1 Bc4 23. Nc1 Rxe1+ 24. Rxe1 b5 25. Nd3 {[%emt 0:03:32] Inhibits b4.} (25. N1a2 $15) 25... Qb6 $17 26. Ne2 Re8 27. Qd2 {[%emt 0:07:30] Against Re3} Nd7 28. f4 {[%emt 0:02:06] Inhibits Ne5.} ({White should try} 28. Kh1) 28... Bd6 29. Kh1 Bxd3 30. Qxd3 Nf6 31. Bf3 b4 {[%emt 0:01:08] Strongly threatening ...bxa3.} 32. axb4 Qxb4 33. Ra1 Rc8 {[%emt 0:11:28] Prevents Qc3.} 34. Kg2 Rc4 35. Rb1 Rc7 36. Kh3 Qb7 37. Ra1 ({White should play} 37. Kg2 $15) 37... Ne4 ({Much worse is} 37... Qxb2 $6 38. Rxa4 g6 39. Ra6 $15) (37... Rc4 $17 38. Ra2 g6) 38. Kg2 $1 $15 f5 (38... Qxb2 $17 39. Rxa4 g6) 39. Rxa4 $11 Qxb2 40. Qa6 {[%emt 0:00:08] [#]} (40. Ra5 $11 {remains equal.}) 40... Rc2 (40... Kh7 $1 $17 {White must now prevent ...Rc2.} 41. Ra5 Qb3) 41. Kh3 $2 (41. Ra5 $1 $11) 41... Kh7 $2 (41... Qb3 42. Bxe4 dxe4 43. Qxd6 Qxa4 44. Qe6+ Kh8 45. Qxf5 Qa6) 42. Ra5 $2 (42. Ra1) 42... Nf2+ $2 (42... Qb3 $19 43. Bxe4 dxe4) 43. Kg2 Ng4 44. Bxg4 fxg4 45. Qd3+ Kg8 (45... g6 $14 46. Ra7+ Kh8 47. Ra8+ Kg7) 46. Ra8+ Bf8 47. Kf2 Rc6 48. Qf5 {[%emt 0:01:40][%csl Gf5,LRd5,LRf8,LRg4][%cal Ra8f8] Inhibits Re6.} Rf6 49. Qxd5+ (49. Qxg4 $18 Qb1 50. h4) 49... Kh7 $16 50. Ra7 {[%emt 0:02:14] White is more active.} Qb1 51. Rb7 $36 {[%emt 0:01:50][%mdl 2048] Black is under strong pressure.} Bb4 {[%emt 0:00:29] [#]} 52. Qb5 ({White has to play} 52. Ke3 $1 $16) 52... Be1+ {[%emt 0:00:04] The position is equal.} 53. Kf1 {[%emt 0:00:30] The board is on fire.} Bb4+ $1 54. Kf2 $1 Be1+ 55. Kf1 Bb4+ $1 56. Kf2 $1 Be1+ {[%emt 0:01:46] Weighted Error Value: White=0.36/Black=0.36} 1/2-1/2

[Event "7th Porticcio Open 2022"]
[Site "Porticcio"]
[Date "2022.07.03"]
[Round "2.6"]
[White "Rakotomaharo, Fy Antenaina"]
[Black "Pieri, Pierre-Louis"]
[Result "1-0"]
[ECO "B47"]
[WhiteElo "2490"]
[BlackElo "2124"]
[Annotator "TA"]
[PlyCount "59"]
[EventDate "2022.07.02"]
[EventType "swiss"]
[EventCountry "FRA"]
[SourceTitle "playchess.com"]
[Source "ChessBase"]
[SourceQuality "1"]
[TimeControl "5400+30"]

1. e4 c5 2. Nf3 e6 3. d4 cxd4 4. Nxd4 Nc6 5. Nc3 Qc7 6. g3 a6 7. Bg2 h5 8. h3 {[%emt 0:03:08] B47: Sicilian: Taimanov: 5 Nc3 Qc7 6 f4, 6 g3 and 6 Be2.} h4 9. g4 Bc5 {[%emt 0:00:29] [#]} 10. Nde2 $146 {[%emt 0:02:19] White is slightly better.} ({Predecessor:} 10. Nb3 Ba7 11. Qe2 Nge7 12. Be3 Ng6 13. O-O-O Nf4 14. Qf3 Bxe3+ 15. fxe3 Ng6 16. Nd4 {0-1 (35) Kim,A (2464)-Gukesh,D (2547) Moscow 2019}) 10... b5 11. O-O Bb7 12. Bf4 Ne5 13. Qd2 Ne7 14. Rad1 N7g6 15. Bh2 O-O 16. Qg5 (16. Nd4 $15) 16... b4 $17 17. Na4 Ba7 18. b3 Qxc2 19. Nd4 Qc7 (19... f6 $142 $1 {Threatens to win with ...Qxd1.} 20. Qd2 Qxd2 21. Rxd2 Rac8) 20. Kh1 {[%emt 0:00:36] aiming for f4.} d6 $2 (20... Rac8 $1 $17) 21. f4 $14 Bxd4 22. Rxd4 Nc6 23. Rdd1 {[%emt 0:05:35] White is more active.} Qd8 {[%emt 0:03:23] [#]} (23... Qe7 $16) 24. Qh5 $1 $18 e5 25. f5 Nf4 $2 (25... Nce7 26. fxg6 Nxg6) 26. Bxf4 {[%emt 0:01:50] White is clearly winning.} exf4 27. g5 ({Stronger than} 27. e5 Qb8 28. Nb6 {[#]} (28. exd6 Ne5 $11) 28... Nd4 $1 $11) 27... Ne5 28. Rxf4 g6 29. Qh6 f6 30. fxg6 {[%emt 0:00:16] Weighted Error Value: White=0.10 (very precise) /Black=0.44} 1-0

[Event "7th Porticcio Open 2022"]
[Site "Porticcio"]
[Date "2022.07.03"]
[Round "2.7"]
[White "Karttunen, Mika"]
[Black "Stoenescu, Radu"]
[Result "1-0"]
[ECO "B90"]
[WhiteElo "2484"]
[BlackElo "2107"]
[Annotator "TA"]
[PlyCount "93"]
[EventDate "2022.07.02"]
[EventType "swiss"]
[EventCountry "FRA"]
[SourceTitle "playchess.com"]
[Source "ChessBase"]
[SourceQuality "1"]
[TimeControl "5400+30"]

1. e4 {[%emt 0:00:03] ChessBase II} c5 2. Nf3 d6 3. d4 cxd4 4. Nxd4 Nf6 5. Nc3 a6 6. f3 e5 7. Nb3 Be7 8. Be3 Be6 9. Qd2 O-O 10. O-O-O a5 11. a4 Na6 12. g4 Nb4 13. g5 {[%emt 0:00:31] B90: Sicilian Najdorf: Unusual White 6th moves, 6 Be3 Ng4 and 6 Be3 e5.} Ne8 (13... Nh5 $14) 14. f4 f5 {[%emt 0:31:18] [#]} 15. gxf6 $146 {[%emt 0:07:28] White is better.} ({Predecessor:} 15. Rg1 fxe4 16. fxe5 Qc8 17. g6 dxe5 18. gxh7+ Kh8 19. Kb1 Nf6 20. Qg2 Rf7 21. Bg5 {1-0 (46) Vovk,A (2642)-Gao,R (2533) Cappelle la Grande 2015 EXT 2016 [ChessBase II]}) 15... Nxf6 16. f5 ({Better is} 16. Rg1 $1 $16) 16... Bf7 17. Rg1 Kh8 $1 18. Qf2 Qc8 (18... Rg8 $1 $11) 19. Kb1 $14 Rg8 20. Bg5 d5 21. exd5 Nfxd5 22. Nxd5 Nxd5 23. Bxe7 Nxe7 24. Bd3 (24. f6 $16 Qf5 25. fxg7+ Rxg7 26. Qxf5 Nxf5 27. Rxg7 Kxg7 28. Rd7) 24... Nd5 (24... Bxb3 $14 {was preferrable.} 25. cxb3 Qc6) 25. Nc5 $16 {[%emt 0:06:14][%cal Bb3c5,Bc5e6,Be6g5][%mdl 32] aiming for Be4.} Nf6 26. Bb5 Rd8 {[%emt 0:04:19] Against Nd7} 27. Rxd8+ Qxd8 28. Qg3 Nh5 29. Qxe5 $40 {[%emt 0:00:11][%mdl 128] Ne6 is the strong threat. White is out for blood. 0x0.001670177d46dp-1022s more active pieces.} Rc8 (29... Qd5 $16 {was called for.} 30. Qxd5 Bxd5) 30. Ne6 $1 $18 Qf6 31. Qe4 b6 32. Qb7 Rg8 (32... Rxc2 $142 33. Kxc2 Qxf5+ 34. Kc1 Qxe6 35. Qa8+ Bg8) 33. Ng5 ({Not} 33. Qxb6 Qxf5 34. Nd8 Bg6 $18) 33... Rf8 34. Qe4 h6 35. Ne6 Rc8 36. Be2 Rg8 37. Bxh5 Bxh5 {[%emt 0:00:01] [#]} 38. Re1 (38. b3 $1 $18) 38... Re8 $14 39. b3 Bf7 $1 40. Qe5 (40. Qg2 {with more complications.} g6 41. Rf1 gxf5 42. Nf4) 40... Qxe5 41. Rxe5 {[%emt 0:00:04][%mdl 4096] Endgame KRB-KRN} g5 {[%emt 0:00:31] [#]} ({Black should play} 41... Kg8 $14) 42. c4 $1 $18 Re7 $2 {[%emt 0:00:49] [#]} (42... g4 $16 43. Kc2 h5) 43. Nxg5 $1 {[%emt 0:00:26][%mdl 512] White is clearly winning.} Rd7 44. Nxf7+ Rxf7 45. Re6 Kg7 46. Rxb6 Rxf5 47. Rb5 {[%emt 0:00:07] Weighted Error Value: White=0.22 (precise) /Black=0.31} 1-0

[Event "7th Porticcio Open 2022"]
[Site "Porticcio"]
[Date "2022.07.03"]
[Round "2.8"]
[White "Cahen, Alexis"]
[Black "Venkatesh, M.R."]
[Result "0-1"]
[ECO "C20"]
[WhiteElo "2141"]
[BlackElo "2479"]
[Annotator "RC"]
[PlyCount "60"]
[EventDate "2022.07.02"]
[EventType "swiss"]
[EventCountry "FRA"]
[SourceTitle "playchess.com"]
[Source "ChessBase"]
[SourceQuality "1"]
[TimeControl "5400+30"]

1. e4 e5 2. Qh5 Nc6 3. Bc4 g6 4. Qf3 Nf6 5. Ne2 Bg7 6. d3 d6 7. h3 Na5 8. Nbc3 Nxc4 9. dxc4 Be6 10. b3 Nd7 11. g4 c6 12. Ba3 Nc5 13. b4 Nd7 14. Nd5 Nb6 15. Nxb6 axb6 16. b5 Bxc4 17. bxc6 bxc6 18. Qc3 Ra4 19. Rd1 c5 20. Ng3 O-O 21. h4 d5 22. h5 d4 23. Qf3 Qf6 24. Nf5 gxf5 25. exf5 e4 26. Qh3 d3 27. Bc1 dxc2 28. Rd2 Qc3 29. g5 Rd8 30. f6 Rxd2 0-1

[Event "7th Porticcio Open 2022"]
[Site "Porticcio"]
[Date "2022.07.03"]
[Round "3.1"]
[White "Piscopo, Pierluigi"]
[Black "Maurizzi, Marc Andria"]
[Result "0-1"]
[ECO "B33"]
[WhiteElo "2343"]
[BlackElo "2506"]
[Annotator "TA"]
[PlyCount "152"]
[EventDate "2022.07.02"]
[EventType "swiss"]
[EventCountry "FRA"]
[SourceTitle "playchess.com"]
[Source "ChessBase"]
[SourceQuality "1"]
[TimeControl "5400+30"]

1. e4 c5 2. Nf3 e6 3. d4 cxd4 4. Nxd4 Nf6 5. Nc3 Nc6 6. Ndb5 d6 7. Bf4 e5 8. Bg5 a6 9. Na3 Be6 10. Nc4 {[%emt 0:12:05] B33: Sicilian: Pelikan and Sveshnikov Variations.} Rb8 $1 {[%emt 0:00:01][%mdl 4] outshines the older 10...Rc8.} 11. a3 Nd4 {[%emt 0:04:54] [#]} 12. Bd3 $146 {[%emt 0:05:27][%cal Oc3d5] White has an edge.} ({Predecessor:} 12. Bxf6 Qxf6 13. Ne3 Qg6 14. Bd3 Be7 15. O-O O-O 16. Ncd5 Bd8 17. c3 Nc6 18. Nf5 Kh8 19. Bc2 {1-0 (46) Perez Ponsa,F (2566)-Ricardi,P (2493) Buenos Aires 2019}) 12... Be7 13. O-O O-O 14. Ne3 Rc8 15. Bxf6 Bxf6 16. Ncd5 Bg5 17. c3 Nc6 18. Bc2 Bxe3 19. Nxe3 Qb6 {[%emt 0:00:59] Prevents Bb3.} 20. Qd3 Na5 (20... Qxb2 $2 21. Rfb1 Nb4 22. cxb4 $18 (22. Qxd6 Qxc2 23. Nxc2 Nxc2 $16)) 21. b4 Nc4 {[%emt 0:02:15] White must now prevent ...Nxe3.} 22. Bb3 Nxe3 23. Bxe6 fxe6 24. fxe3 Rfd8 25. c4 Qc6 26. Rac1 h6 27. h3 a5 28. Rfd1 axb4 29. axb4 Kh7 30. Kh2 Ra8 31. b5 Qc5 32. Ra1 Rac8 33. Ra4 Rd7 34. Qe2 Rf7 35. Ra2 Qxc4 36. Qxc4 (36. Rxd6 {is interesting.} Re7 37. Qxc4 Rxc4 38. Kg3) 36... Rxc4 37. Rxd6 Rxe4 38. Rxe6 Rxe3 $11 {[%emt 0:00:16][%mdl 4096] Endgame KRR-KRR} 39. b6 Rb3 40. Rd2 Rb5 (40... e4 $5) 41. Kg3 Rf5 (41... e4 $17) 42. h4 (42. Rd7 $11) 42... Rf7 (42... Rb3+ $17 43. Kh2 Rf4) 43. Kh3 (43. Rd3 $15) 43... Rb3+ $1 $17 44. Kh2 Rf4 45. g3 Rg4 46. Rg2 Rg6 47. Rxe5 Rbxb6 48. h5 Rge6 49. Rd5 (49. Rxe6 $1 $15 Rxe6 50. Rb2) 49... Red6 50. Re5 Kg8 ({Black should try} 50... Rb3 $17 51. Rf2 Rd7) 51. Rge2 Rf6 52. Re8+ Rf8 53. R8e7 Rb5 54. Kg2 Rf7 55. Re8+ Kh7 $1 56. g4 {[%emt 0:00:48] White does not recover from this.} (56. R2e5 $15 Rb2+ 57. Kh3) 56... Rb4 $19 57. R8e4 {[%emt 0:00:31] [#]} Rxe4 58. Rxe4 {[%emt 0:00:01] KR-KR} b5 59. Rb4 Rb7 60. Kf3 {[%emt 0:00:05] [#]} Kg8 $1 61. Ke4 Kf7 62. Kd5 $2 (62. Kf5 {was necessary.}) 62... Kf6 63. Kc6 Re7 {[%emt 0:00:06] ...Kg5 is the strong threat.} 64. Rxb5 $2 (64. Rd4 {was the only defense.}) 64... Re4 65. Rf5+ Ke6 66. Kc5 $2 (66. Rf1 $19 Rc4+ 67. Kb5 Rxg4 68. Rh1) 66... Rxg4 (66... Re5+ $142 67. Kd4 Rxf5 68. gxf5+ Kxf5 69. Kd3 Kg5 70. Ke3 Kxh5 71. Kf4 g5+ 72. Ke3 g4 73. Kf4 Kh4 74. Ke4 g3 75. Ke3 Kg4 76. Ke2 h5 77. Ke3 h4 78. Ke2 g2 79. Ke3 g1=Q+ 80. Kd3 h3 81. Kd2 h2 82. Kc3 h1=Q 83. Kd3 Qd5+ 84. Kc2 Qgd1+ 85. Kc3 Q5d4#) 67. Rf1 Rg5+ 68. Kd4 Rxh5 69. Rg1 Kf6 70. Ke4 Re5+ 71. Kf4 g5+ 72. Kg4 Re4+ 73. Kf3 Kf5 74. Ra1 g4+ 75. Kg3 Re3+ 76. Kg2 h5 {[%emt 0:00:12] Weighted Error Value: White=0.18 (very precise) /Black=0.08 (flawless)} 0-1

[Event "7th Porticcio Open 2022"]
[Site "Porticcio"]
[Date "2022.07.03"]
[Round "3.2"]
[White "Villegas, Pierre"]
[Black "Rakotomaharo, Fy Antenaina"]
[Result "1/2-1/2"]
[ECO "D35"]
[WhiteElo "2294"]
[BlackElo "2490"]
[Annotator "TA"]
[PlyCount "104"]
[EventDate "2022.07.02"]
[EventType "swiss"]
[EventCountry "FRA"]
[SourceTitle "playchess.com"]
[Source "ChessBase"]
[SourceQuality "1"]
[TimeControl "5400+30"]

1. d4 Nf6 2. c4 e6 3. Nc3 d5 4. cxd5 exd5 5. Bg5 c6 6. e3 h6 7. Bh4 Be7 8. Qc2 O-O 9. Bd3 Re8 10. Nge2 a5 {[%emt 0:00:21] D36: Queen's Gambit Declined: Exchange Variation: Main line (5 Bg5 c6 6 Qc2).} 11. O-O Na6 12. a3 {[%emt 0:01:54] Prevents Nb4.} Nc7 {[%emt 0:00:07] White has an edge.} 13. f3 c5 {[%emt 0:00:25] The position is equal.} 14. b3 {[%emt 0:16:14] [#] Inhibits c4.} b6 $146 ({Predecessor:} 14... Bd7 15. a4 Rc8 16. Kh1 Ne6 17. dxc5 Rxc5 18. Rad1 Qc7 19. Qd2 Rc8 20. Bb5 g5 21. Bxd7 Qxd7 {½-½ (63) Lazarev,V (2513)-Vujic,B (2357) Germany 2005}) 15. a4 Ba6 16. Bxa6 Nxa6 17. Nb5 Nb4 18. Qd2 cxd4 19. exd4 Rc8 {[%emt 0:00:23] ...Rc2 is the strong threat.} 20. Nec3 Nh5 (20... Qd7 $5 ) 21. Bxe7 Qxe7 22. Rfe1 Qf6 23. Rxe8+ Rxe8 24. Re1 Rxe1+ 25. Qxe1 Nf4 26. Qe5 Qxe5 27. dxe5 $11 {[%emt 0:00:13][%mdl 4096] Endgame KNN-KNN} g5 28. Nd4 Kf8 29. g3 Nfd3 30. e6 fxe6 31. Nxe6+ Ke7 32. Nd4 Kd6 33. Ncb5+ Ke5 34. Kf1 {[%emt 0:00:45] Prevents Ne1.} h5 35. Ke2 g4 36. Ke3 gxf3 37. Nxf3+ Kf5 38. h3 Nc5 39. Nbd4+ Kf6 40. g4 hxg4 41. hxg4 Nbd3 42. g5+ Kg6 {[%emt 0:01:09] [#]} 43. Ne6 $1 Nxe6 44. Kxd3 {[%emt 0:00:05] KN-KN} Nc5+ (44... Nxg5 $2 45. Nxg5 Kg7 46. Kd4 $18) 45. Kd4 {[%emt 0:02:11] Black must now prevent Nd2.} Nxb3+ 46. Kxd5 Nc5 47. Kc6 Nxa4 48. Ne5+ Kxg5 49. Nc4 Kf4 50. Nxa5 bxa5 51. Kb5 {[%emt 0:00:04][%csl LRa4,LRa5] [#]} Nb6 $1 {[%emt 0:00:08][%cal Oa5a4] ( -> ...a4!)} 52. Kxa5 Ke5 {An interesting draw.  Weighted Error Value: White=0.03 (flawless) /Black=0.03 (flawless)} 1/2-1/2

[Event "7th Porticcio Open 2022"]
[Site "Porticcio"]
[Date "2022.07.03"]
[Round "3.3"]
[White "Barrish, Daniel"]
[Black "Karttunen, Mika"]
[Result "0-1"]
[ECO "D35"]
[WhiteElo "2283"]
[BlackElo "2484"]
[Annotator "TA"]
[PlyCount "120"]
[EventDate "2022.07.02"]
[EventType "swiss"]
[EventCountry "FRA"]
[SourceTitle "playchess.com"]
[Source "ChessBase"]
[SourceQuality "1"]
[TimeControl "5400+30"]

1. d4 Nf6 2. c4 e6 3. Nc3 d5 4. cxd5 exd5 5. Bg5 Bb4 6. e3 h6 7. Bh4 g5 {[%emt 0:00:17] D35: Queen's Gambit Declined: Exchange Variation.} 8. Bg3 Ne4 9. Nge2 h5 {[%emt 0:00:28] White is slightly better.} 10. h4 Nxg3 11. Nxg3 gxh4 12. Nxh5 c6 13. Nf4 {[%emt 0:02:26] [#]} Bd6 $146 ({Predecessor:} 13... Nd7 14. Bd3 Qg5 15. Qc2 Nb6 16. O-O-O Bg4 17. f3 Bd7 18. g4 O-O-O 19. Qf2 Bxc3 20. bxc3 {0-1 (59) Bok,B (2624)-Abdusattorov,N (2661) Chess.com INT 2022}) 14. Bd3 Bxf4 15. exf4 Qf6 16. Ne2 (16. Qf3 $1 $14) 16... h3 17. g3 ({White should play} 17. gxh3 $14 Bg4 18. Qd2) 17... Bg4 $1 $15 18. Qd2 Nd7 19. Qe3+ $1 Kf8 $1 {[%emt 0:00:14] Threatens to win with ...Re8.} 20. f3 Re8 21. Qf2 Bf5 22. Rd1 Bxd3 23. Rxd3 Qg6 24. Kd2 Nb6 25. b3 {[%emt 0:01:15] Against Nc4+} Qd6 {[%emt 0:03:45] White must now prevent ...Qa3. Really sharp!} 26. Kc2 Qa3 27. Kb1 (27. Nc3 $11) 27... Qe7 ({Black should try} 27... Nc4 $15 28. Nc3 Qb4) 28. Nc1 $11 a5 29. Qf1 Qe6 30. g4 Qh6 $36 {[%emt 0:00:25][%mdl 2048] Black is pushing.} 31. f5 Nc8 32. Ne2 (32. a4 $11) 32... Nd6 $17 33. Rh2 Qh4 34. Kc2 a4 $1 35. Ng1 $2 (35. Qg1 $17 {was necessary.}) 35... Qg3 $19 ({But not} 35... axb3+ $2 36. axb3 Qg3 37. Rh1 $19 (37. Rxh3 $2 Rxh3 38. Nxh3 Nb5 $19)) 36. Rxh3 Rxh3 37. Nxh3 axb3+ 38. axb3 Nb5 39. Nf2 Ra8 {[%emt 0:06:09] Hoping for ...Ra2+.} 40. Kb1 {[%emt 0:02:56] Against Ra2} Qh2 $2 (40... c5 $1 $19 41. Qh3 (41. f4 $2 Qxf4 42. Qe2 cxd4 $19) 41... Qg1+ 42. Nd1 Nc3+ $1 43. Kc2 Ra2+ 44. Kc1 Rh2 45. Qxh2 Qxh2 46. Rxc3 Qf4+ 47. Kc2 Qxd4) 41. Qe1 (41. Qe2 $1 $11 {keeps the balance.}) 41... c5 $1 $17 {[%emt 0:01:25] Black is more active.} 42. dxc5 (42. f6 $17) 42... d4 $2 (42... Qh8 {mates} 43. Qc1 Na3+ 44. Ka2 Nc4+ 45. Kb1 Qa1+ 46. Kc2 Ra2+ 47. Kd1 Nb2+ 48. Kc2 Nxd3+ 49. Kxd3 Qxc1 50. Ne4 dxe4+ 51. Kxe4 Re2+ 52. Kd4 Qf4+ 53. Kc3 Rd2 54. b4 Qe3+ 55. Kc4 Qd3#) 43. Qh1 $2 Qxf2 $19 (43... Na3+ 44. Kc1 Qxf2 45. Qh8+ Ke7 46. Qe5+ Kf8 47. Qh8+ Ke7 48. Qe5+ Kf8 49. Qh8+ $11) 44. Qh8+ Ke7 45. Qxa8 {[%emt 0:00:24][%mdl 4096] Endgame KQR-KQN} Qf1+ 46. Kc2 Qe2+ {[%emt 0:00:10][%mdl 64] Deflection} 47. Kc1 Qxd3 48. Qxb7+ {[%emt 0:00:07] [#]} Kf6 $1 49. Qd5 (49. Qe4 $19 Qc3+ 50. Kd1 Qxc5 51. Qd3) 49... Qe3+ 50. Kc2 Qe2+ ({Inferior is} 50... d3+ 51. Qxd3 Qxc5+ 52. Kd2 $17) 51. Kc1 Qe1+ (51... d3 $142 52. Qd8+ Ke5 53. Qe7+ Kf4 54. Qe4+ Kg3 55. Qxe2 dxe2 56. Kd2 Kxf3 57. c6 Kf2 58. Kd3 e1=Q 59. Kc4 Qe5 60. c7 Nxc7 61. Kd3 Qd5+ 62. Kc2 Nb5 63. f6 Ke3 64. Kb2 Qd2+ 65. Kb1 Nc3+ 66. Ka1 Qc1#) 52. Kc2 Qc3+ 53. Kd1 Qd3+ $2 (53... Qa1+ 54. Kc2 Qc3+ 55. Kd1 Qd3+ 56. Ke1 Qe3+ 57. Kf1 Nc3 58. Qd6+ Kg7) 54. Kc1 $1 {[%emt 0:00:30] [#]} Kg5 $1 {[%emt 0:00:36] ( -> ...Qe3+)} 55. Qxf7 Qe3+ {[%emt 0:00:11] Black mates.} 56. Kc2 d3+ {[%emt 0:00:16][%mdl 64] Discovered Attack} 57. Kb1 Qe1+ 58. Kb2 Qc3+ 59. Kb1 Qc2+ 60. Ka1 Qc1+ {[%emt 0:00:06] Weighted Error Value: White=0.54/Black=0.33} 0-1